AoeStats
← Perro178

Golden Pit

509504183Analyzed
1v1 RM · 6d ago on Sep 27, 2026· 37m 22s· 2 players
Game mode
Random Map
Map size
Tiny (2 player)
Population
200
Speed
Normal
Resources
Standard
Victory
Conquest
Starting age
Dark Age
Ending age
Imperial Age
RankedLock teamsTeams togetherTeam positionsShared explorationLock speedFull tech treeHidden civsTurbo modeCheats
Victory
Defeat
🇨🇱 Ethiopians · Chile
585
+16
🇨🇴 Persians · Colombia
582
-16
Alpaco7825
10:13 Loom
13:11 Feudal Age
14:30 Horse Collar
15:01 Double-Bit Axe
15:54 Gold Mining
16:55 Stone Mining
21:38 Castle Age
21:58 Crossbowman
23:28 Thumb Ring
24:48 Kamandaran
25:21 Fletching
26:33 Squires
26:20 Gambesons
26:10 Pikeman
28:26 Bodkin Arrow
29:37 Padded Archer Armor
30:45 Wheelbarrow
31:37 Gold Shaft Mining
32:31 Stone Shaft Mining
36:25 Imperial Age
35:01 Ballistics
Perro178
7:10 Loom
12:44 Feudal Age
13:15 Double-Bit Axe
13:16 Horse Collar
13:29 Gold Mining
14:16 Man-at-Arms
17:20 Stone Mining
23:02 Castle Age
23:15 Crossbowman
24:54 Bow Saw
24:49 Heavy Plow
24:49 Fletching
24:59 Padded Archer Armor
25:12 Thumb Ring
28:36 Town Watch
29:55 Ballistics
30:39 Stone Shaft Mining
30:43 Gold Shaft Mining
33:53 Imperial Age
32:16 Wheelbarrow
31:40 Murder Holes
33:32 Town Patrol
33:47 Masonry
33:54 Scale Mail Armor
34:41 Leather Archer Armor
34:15 Capped Ram
38:18 Conscription
Connection lost

Rejoining the realm…

Still unreachable

The connection could not be restored.

Session expired

The server has moved on; the page needs a fresh start.